Map: Ultralove

Players

Edukillator

  • Race: Terran Terran
  • League: Silver
  • Spawn Location: 1:00

GangusKaun - Winner!

  • Race: Protoss Protoss
  • League: Gold
  • Spawn Location: 7:00

VOD

Have the link to the VOD?

Description

Time

  • Played on: Dec. 4, 2024, 7:52 p.m.
  • Length: 13:40
Show
View Real Time Build Order
Export as new Build Order

Edukillator Terran 

Build Orders:  

Get SALT Encoding   

  12  0:01  SCV  
  13  0:19  Supply Depot  
  13  0:20  SCV  
  14  0:26  Refinery  
  14  0:32  SCV  
  15  0:37  Refinery  
  15  0:45  SCV  
  16  0:56  Barracks  
  16  1:05  SCV  
  17  1:14  Supply Depot  
  17  1:17  SCV  
  18  1:29  SCV  
  19  1:43  Factory  
  19  1:47  SCV  
  19  1:53  Supply Depot  
  20  1:59  SCV  
  21  2:12  SCV  
  22  2:24  SCV  
  22  2:28  Armory  
  22  2:29  Hellion  
  25  2:35  Supply Depot  
  25  2:37  SCV  
  26  2:52  Factory Tech Lab  
  26  2:53  Orbital Command  
  26  3:16  Starport  
  26  3:20  Thor  
  26  3:24  SCV  
  33  3:36  SCV  
  34  3:44  Supply Depot  
  34  3:50  SCV  
  35  3:57  Starport Tech Lab  
  35  4:00  Engineering Bay  
  35  4:02  SCV  
  36  4:08  Supply Depot  
  36  4:14  SCV  
  37  4:25  Command Center  
  37  4:26  SCV  
  37  4:30  Missile Turret  
  38  4:37  Supply Depot  
  39  4:38  SCV  
  39  4:51  Thor  
  45  5:01  SCV  
  46  5:08  Supply Depot  
  46  5:09  Missile Turret  
  46  5:13  Banshee  
  49  5:17  SCV  
  50  5:29  SCV  
  50  5:31  Terran Vehicle Weapons Level 1  
  50  5:32  Cloaking Field  
  51  5:37  Supply Depot  
  51  5:41  SCV  
  52  5:50  Refinery, Missile Turret  
  52  5:53  Hi-Sec Auto Tracking  
  52  5:55  SCV  
  53  6:01  Barracks Tech Lab  
  53  6:03  Missile Turret  
  53  6:06  Orbital Command  
  53  6:10  Refinery  
  53  6:11  SCV  
  54  6:22  Missile Turret  
  54  6:34  SCV x2  
  54  6:35  Supply Depot  
  54  6:36  Missile Turret  
  56  6:48  SCV x2  
  56  6:49  Marine  
  56  6:52  Barracks  
  30  7:50  Thor  
  36  8:01  Marine, SCV x2  
  39  8:06  Starport Tech Lab  
  39  8:13  SCV x2  
  41  8:21  Barracks Reactor  
  41  8:22  Combat Shield  
  41  8:23  Marine  
  42  8:30  Factory, SCV  
  42  8:31  SCV  
  42  8:32  Thor  
  50  8:40  Supply Depot  
  50  8:43  SCV x2  
  50  8:47  Missile Turret  
  52  8:49  Banshee  
  52  8:51  Marine, Missile Turret  
  56  8:59  SCV  
  56  9:00  SCV  
  58  9:05  Neosteel Armor  
  58  9:09  Marine  
  59  9:10  Missile Turret  
  59  9:13  Marine x2  
  59  9:15  Thor, Factory Tech Lab  
  67  9:17  Starport  
  67  9:18  SCV x2  
  69  9:27  Marine  
  69  9:29  Supply Depot  
  69  9:30  Marine, SCV x2  
  73  9:34  Missile Turret  
  65  9:58  Marine x3  
  42  10:29  SCV  
  43  10:36  Orbital Command  
  43  10:41  SCV  
  44  10:53  SCV  
  45  10:58  Thor  
  45  10:59  Marine x3  
  54  11:04  Starport Tech Lab  
  54  11:05  SCV  
  55  11:18  SCV x2  
  57  11:25  Missile Turret  
  57  11:35  Thor  
  63  11:45  Marine x3  
  63  11:46  Stimpack  
  66  11:50  Medivac  
  68  11:58  Viking  
  68  12:00  SCV x2  
  72  12:04  Marine x3  
  75  12:30  SCV x2  
  75  12:34  Sensor Tower  
  77  12:40  Sensor Tower  
  77  12:43  Missile Turret  
  77  12:45  Missile Turret  
  76  12:55  SCV x2  
  78  13:09  SCV x2  
Show
View Real Time Build Order
Export as new Build Order

GangusKaun Protoss - Winner!

Build Orders: 1 Gate Expand 

Get SALT Encoding   

  12  0:12  Pylon  
  12  0:13  Probe  
  13  0:25  Probe  
  14  0:30  Gateway  
  14  0:37  Probe  
  15  0:47  Assimilator  
  15  0:49  Probe  
  16  1:01  Probe  
  17  1:15  Probe  
  18  1:21  Cybernetics Core  
  18  1:27  Probe  
  19  1:36  Nexus  
  19  1:40  Probe  
  20  1:50  Adept  
  20  1:51  Pylon  
  20  1:58  Assimilator  
  22  2:01  Warp Gate  
  22  2:09  Probe  
  23  2:21  Probe  
  24  2:23  Shield Battery  
  24  2:33  Probe  
  24  2:34  Twilight Council  
  24  2:36  Adept  
  27  2:46  Probe  
  28  2:57  Robotics Facility  
  28  3:00  Probe x2  
  30  3:20  Gateway  
  30  3:21  Probe x2  
  30  3:23  Gateway  
  32  3:31  Assimilator  
  32  3:33  Probe  
  33  3:37  Assimilator  
  33  3:45  Pylon  
  33  3:46  Warp Prism  
  35  3:52  Adept  
  37  4:06  Shield Battery  
  37  4:09  Blink, Pylon  
  37  4:10  Probe x2  
  39  4:29  Observer  
  40  4:38  Probe  
  40  4:39  Probe  
  42  4:50  Probe  
  42  4:51  Probe  
  44  5:03  Dark Shrine  
  44  5:07  Pylon  
  44  5:13  Pylon  
  44  5:17  Pylon  
  44  5:18  Probe x2  
  44  5:20  Pylon  
  46  5:27  Gateway x2  
  46  5:30  Probe  
  46  5:32  Gateway  
  47  5:47  Gateway  
  47  5:49  Probe x2  
  49  5:55  Observer  
  50  6:07  Observer  
  50  6:16  Dark Templar x3  
  57  6:21  Dark Templar  
  59  6:32  Sentry x2  
  63  6:36  Observer  
  62  7:06  Zealot x7  
  72  7:20  Immortal, Probe x2  
  72  7:27  Dark Templar x2  
  72  7:28  Dark Templar x5  
  60  7:59  Probe x2  
  62  8:11  Probe  
  63  8:15  Warp Prism  
  63  8:17  Stalker x5  
  63  8:18  Stalker x2  
  79  8:23  Probe  
  79  8:24  Probe  
  81  8:33  Shield Battery  
  81  8:35  Forge  
  81  8:38  Robotics Bay  
  81  8:43  Forge  
  81  8:45  Pylon  
  81  8:51  Immortal  
  85  9:13  Dark Templar x2  
  85  9:15  Dark Templar x2  
  85  9:17  Zealot x3  
  95  9:19  Archon x2  
  99  9:51  Stalker x2  
  63  10:28  Immortal  
  63  10:35  Zealot x6  
  71  10:36  Zealot  
  81  10:43  Protoss Shields Level 1, Protoss Ground Weapons Level 1  
  81  10:48  Robotics Facility  
  81  10:52  Pylon  
  81  10:55  Pylon  
  81  10:56  Extended Thermal Lance, Charge  
  81  10:57  Photon Cannon  
  81  11:01  Immortal  
  85  11:20  Nexus  
  85  11:30  Colossus  
  85  11:31  Sentry x2  
  85  11:32  Sentry x4  
  97  11:33  Colossus  
  97  11:34  Probe  
  110  11:49  Probe x2  
  112  12:01  Probe x2  
  114  12:13  Probe  
  115  12:17  Dark Templar  
  115  12:20  Pylon  
  115  12:21  Pylon  
  117  12:24  Assimilator  
  117  12:29  Assimilator  
  117  12:33  Probe x3  
  118  12:50  Immortal x2  
  126  12:55  Stalker  
  126  12:57  Dark Templar x4  
  136  13:02  Archon x2  
Tags
 
Matchup
PvT
Spawn Locations
Cross Positions
Add a new tag
Caveats
  • Supply blocks, unpowered buildings, or Contaminate may cause inaccurate times.
  • Supply counts are checked every 10 seconds.